 Dungeon Crawl Stone Soup version 0.16-a0-3192-g4847bf6 (webtiles) character file.

37 Miyamura the Caller (level 3, 20/20 HPs)
             Began as a Deep Elf Summoner on Dec 17, 2014.
             Got out of the dungeon alive.
             The game lasted 00:08:29 (2268 turns).

Miyamura the Caller (Deep Elf Summoner)             Turns: 2268, Time: 00:08:29

Health: 20/20      AC:  2    Str:  5    XL:     3   Next: 21%
Magic:  11/11      EV: 13    Int: 20    God:
Gold:   25         SH:  0    Dex: 15    Spells: 2 memorised, 6 levels left

rFire  . . .     SeeInvis .     d - +0 short sword
rCold  . . .     Clarity  .     a - +0 robe
rNeg   . . .     SustAb   .     (no shield)
rPois  .         Gourm    .     (no helmet)
rElec  .         Spirit   .     (no cloak)
rCorr  .         Warding  .     (no gloves)
rMut   .         Stasis   .     (no boots)
MR     .....                    (no amulet)
Stlth  ++........               (no ring)
                                (no ring)

@: not resistant to hostile enchantments, unstealthy
A: no striking features
a: no special abilities


You escaped.
You were hungry.

You visited 1 branch of the dungeon, and saw 2 of its levels.

You collected 25 gold pieces.

Inventory:

Hand weapons
 d - a +0 short sword (weapon)
Armour
 a - a +0 robe (worn)
Scrolls
 e - a scroll of fear {unknown}
 i - 2 scrolls of teleportation {unknown}
 j - a scroll of recharging {unknown}
 l - 2 scrolls of identify {unknown}
Potions
 g - a potion of might {unknown}
 h - a potion of heal wounds {unknown}
 m - a potion of curing {unknown}
Books
 b - a book of Callings

   Spells                             Type                      Level
   a - Summon Small Mammal            Summoning                    1
   b - Call Imp                       Summoning                    2
   c - Call Canine Familiar           Summoning                    3
   d - Summon Guardian Golem          Hexes/Summoning              4
   e - Summon Lightning Spire         Summoning/Air                4
   f - Summon Ice Beast               Ice/Summoning                4
Comestibles
 c - a bread ration
 f - a slice of pizza
 k - 3 fruits


   Skills:
 + Level 1.0 Fighting
 + Level 3.1 Dodging
 - Level 2.4 Stealth
 + Level 3.5 Spellcasting
 + Level 4.7 Summonings


You had 6 spell levels left.
You knew the following spells:

 Your Spells              Type           Power        Failure   Level  Hunger
a - Summon Small Mammal   Summ           ###.         1%          1    None
b - Call Imp              Summ           ###.....     2%          2    ##.....


Dungeon Overview and Level Annotations

Branches:
Dungeon (2/15)

Altars:
Cheibriados


Message History

You hit the quokka but do no damage.
The quokka is almost dead.
Your white imp barely misses the rat.
The quokka closely misses you. The rat barely misses you.
Your white imp hits the rat.
The rat dies!
You hit the quokka.
You kill the quokka!
No target in view!
You start resting.
Your white imp disappears in a puff of smoke!
You are feeling hungry.
You see here a club.
There is a stone staircase leading up here.
You climb upwards.
There is a stone staircase leading down here.
HP restored.
There is an open door here.
There is a staircase leading out of the dungeon here.
Are you sure you want to leave the Dungeon?
This will make you lose the game!
You have escaped!

#...##...........##..............
.............(...................
.................................
..##........................#....
..##.....#'#####.####.#.....#....
..##.....#.##≈≈§.≈≈≈#.#.....#....
..##.....#..'.≈≈§≈≈.'.########...
####.....##.#≈§....≈#............
## ####.....#§≈.@.≈≈#............
.# #.....#≈.....≈#............ .#
#.....'.§≈≈≈§§+.##.....##..
.######.....#≈≈≈.≈§§#.##.....###.
.#...##.....####+####.##.....# #.
......................##.....# #.
......................##.....# #.
......................##.....###.
#####.......................(....


There were no monsters in sight!

Vanquished Creatures
  An adder (D:2)
  2 hobgoblins (D:1)
  A quokka (D:2)
  2 bats (D:2)
  A giant gecko (D:2)
  A giant newt (D:2)
  A rat (D:2)
9 creatures vanquished.

Vanquished Creatures (collateral kills)
  An adder (D:2)
  2 worms (D:2)
  A giant gecko (D:1)
  A giant cockroach (D:2)
  A goblin (D:2)
  4 hobgoblins
  4 jackals (D:1)
  4 kobolds
  2 rats
20 creatures vanquished.

Vanquished Creatures (others)
  A shadow imp (D:2)
  3 rats (D:1)
4 creatures vanquished.

Grand Total: 33 creatures vanquished

Notes
Turn   | Place    | Note
--------------------------------------------------------------
     0 | D:1      | Miyamura, the Deep Elf Summoner, began the quest for the Orb.
     0 | D:1      | Reached XP level 1. HP: 10/10 MP: 5/5
   854 | D:1      | Reached XP level 2. HP: 16/16 MP: 0/8
   858 | D:1      | Learned a level 2 spell: Call Imp
  1325 | D:2      | Reached skill level 1 in Fighting
  1505 | D:2      | Reached XP level 3. HP: 20/20 MP: 5/11
  1559 | D:2      | Found a snail-covered altar of Cheibriados.
  1583 | D:2      | HP: 1/20 [hobgoblin/club (5)]
  2268 | D:$      | Got out of the dungeon alive.

Action                   || total
-------------------------++-------
Melee: Short sword       ||    44
 Cast: Summon Small Mamm ||    28
       Call Imp          ||    17
 Stab: Sleeping          ||     4
  Eat: Chunk             ||     4
